 Dungeon Crawl Stone Soup version 0.31.0-11-ge490571c62 (webtiles) character file.

Game seed: 10660946046533586507

32 javelincjr the Ruffian (level 3, -2/26 HPs)
             Began as a Demonspawn Shapeshifter on Feb 8, 2024.
             Slain by Sigmund
             ... wielding a +0 scythe
              (9 damage)
             ... on level 2 of the Dungeon.
             The game lasted 00:05:44 (1171 turns).

javelincjr the Ruffian (Demonspawn Shapeshifter)    Turns: 1171, Time: 00:05:45

Health: -2/26      AC:  2    Str: 13 (16) XL:     3   Next: 8%
Magic:  3/3        EV: 11    Int:  7 (10) God:
Gold:   94         SH:  3    Dex: 12 (14) Spells: 2/2 levels left

rFire   . .          .
                       - Unarmed
rCold   . . .        g - +0 buckler
rNeg    . . .        a - +0 animal skin
rPois   .            (helmet currently unavailable)
rElec   .            (cloak currently unavailable)
rCorr   .            (gloves currently unavailable)
SInv    .            (boots currently unavailable)
Will    .....        (no amulet)
Stlth   ++           (no ring)
HPRegen 0.24/turn    (no ring)
MPRegen 0.08/turn

%: no passive effects
@: beast-form
A: beast (slay +1), thin skeletal structure 1
a: Begin Untransformation


You were on level 2 of the Dungeon.
You were a hulking beast.
You visited 1 branch of the dungeon, and saw 2 of its levels.

You collected 94 gold pieces.

Inventory:

Armour
 a - a +0 animal skin (worn)
 g - a +0 buckler (worn)
 h - a +0 pair of gloves
 l - a +2 hat
Talismans
 c - a beast talisman
 d - a flux talisman
 n - a serpent talisman
Scrolls
 i - a scroll of vulnerability {unknown}
 j - a scroll of identify {unknown}
 m - a scroll of revelation {unknown}
Potions
 b - a potion of lignification
 e - a potion of brilliance {unknown}
 f - a potion of degeneration
 k - a potion of cancellation {unknown}


   Skills:
 + Level 1.6 Fighting
 + Level 2.2 Dodging
 + Level 3.0 Unarmed Combat
 * Level 3.0 Shapeshifting


You had 2 spell levels left.
You didn't know any spells.
Your spell library contained the following spells:

 Spells                   Type           Power      Damage    Failure   Level
 Magic Dart               Conj           0%         1d3       54%         1
 Lesser Beckoning         Tloc           0%         N/A       69%         2
 Searing Ray              Conj           0%         2d4       69%         2
 Gell's Gravitas          Tloc           0%         N/A       89%         3
 Teleport Other           Tloc           0%         N/A       89%         3
 Fulminant Prism          Conj/Alch      0%         3d5       100%        4


Dungeon Overview and Level Annotations

Branches:
Dungeon (2/15)

Altars:

Annotations:
D:2 Jessica, Sigmund


Innate Abilities, Weirdness & Mutations

You are a hulking beast.
Your limbs bulge with bestial killing power. (Slay +1)
You have a somewhat thin skeletal structure. (Dex +2, Stealth+)


Message History

You kill the goblin!
No target in view!
You now have 82 gold pieces (gained 14).
You now have 94 gold pieces (gained 12).
Found a club.
An endoplasm comes into view.
The helpless endoplasm fails to defend itself.
You hit the endoplasm but do no damage. The endoplasm freezes you.
You are frozen.
You punch the endoplasm!
You kill the endoplasm!
Found a falchion.
A rat comes into view.
The rat squeaks loudly.
You see here a +0 falchion.
You block the rat's attack.
Sigmund shouts!
You hit the rat.
You kill the rat!
Jessica the Apprentice Sorceress comes into view.
She is wielding a +4 club and carrying a wand of flame.
Sigmund zaps a wand.
The puff of flame hits you.
Sigmund shouts!
You don't know any spells.
Sigmund misses you.
You closely miss Sigmund. Sigmund hits you with a +0 scythe!
You hit Sigmund.
Sigmund is lightly wounded.
You hit Sigmund.
Sigmund is moderately wounded.
Sigmund mumbles some strange words.
Sigmund flickers and vanishes!
Deactivating autopickup; reactivate with Ctrl-A.
You completely miss something. Something hits you!
* * * LOW HITPOINT WARNING * * *
It was a potion of degeneration.
There was something very wrong with that liquid.
You feel weakened.
You feel dopey.
You feel clumsy. Something hits you!
You die...

#....## #.# #####.# #.# #
##.#.## ##.# ####.####
#.# # #.##.###..#
#.......# #.# #.###...#.#
#.......# #.# #.# ##.##.#
#.......### #.# #†#
#.##.# #..........####.#
#.#
#.##.####.......##.##...#
#.#
#.#>............##.##.###
#.#
#.#.##.##.h.....##.##.#
#.# #.#. #.#{..####.##.#
#.# #.. #.#...###...#.#
#.# ##.
#.#...##......##### #..
#.##...............
#.#...##......#####
#..###.##...#.# #..#
#.....##.#
.#######.###.######.#


There were no monsters in sight!

Vanquished Creatures
  A ribbon worm (D:2)
  A dart slug (D:1)
  3 ball pythons
  3 endoplasms
  4 goblins
  A hobgoblin (D:2)
  3 frilled lizards
  5 kobolds
  5 rats
26 creatures vanquished.

Notes
Turn   | Place    | Note
-------+----------+-------------------------------------------
     0 | D:1      | javelincjr the Demonspawn Shapeshifter began the quest for
                  | the Orb.
     0 | D:1      | Reached XP level 1. HP: 15/15 MP: 1/1
   235 | D:1      | Gained mutation: You have a somewhat thin skeletal
                  | structure. (Dex +2, Stealth+) [demonic ancestry]
   235 | D:1      | Reached XP level 2. HP: 21/21 MP: 2/2
   237 | D:1      | Found a faded altar of an unknown god.
   635 | D:2      | Noticed Sigmund
  1059 | D:2      | Reached XP level 3. HP: 26/26 MP: 3/3
  1145 | D:2      | Noticed Jessica
  1171 | D:2      | Slain by Sigmund

Illustrated notes

Levels and vault maps discovered:
D:1:      sevenhm_arrival_forest_fort_small_4, layout_basic,
          chequers_ecumenical_altar_simple_redux, serial_bayou_pond_d
D:2:      layout_loops_ring, basic_altar, uniq_sigmund, uniq_crazy_yiuf_cottage,
          uniq_jessica

Skill      XL: |  1  2 |
---------------+-------+-----
Dodging        | 2 |  2.2
Unarmed Combat | 3 |  3.0
Shapeshifting  | 3 |  3.0
Fighting       | |  1.6

Action                     || total
---------------------------++-------
  Melee: Unarmed           ||    88
    Use: Potion            ||     1
   Stab: Sleeping          ||     5
 Armour: Animal skin       ||    32
  Dodge: Dodged            ||    42
  Block: Buckler           ||    14
